[Event "Titled Tuesday Blitz November 01 Late 2022"]
[White "Perske, Thore"]
[Black "Kanyamarala, Tarun"]
[WhiteFideId "12902195"]
[BlackFideId "45004714"]
[WhiteElo "2336"]
[BlackElo "2307"]
[Result "0-1"]
[Round "06"]
[TimeControl "180+1"]
[Date "2022.11.02"]
[WhiteClock "0:00:04"]
[BlackClock "0:00:23"]

1. d4 Nf6 2. g3 c5 3. dxc5 e6 4. Bg2 Bxc5 5. Nf3 d5 6. c4 O-O 7. O-O dxc4 8. Nbd2 c3 9. bxc3 Nc6 10. Nb3 Be7 11. Nbd4 Nxd4 12. cxd4 Bd7 13. Ne5 Rb8 14. Nxd7 Qxd7 15. Bb2 Rfd8 16. Qb3 b5 17. Rac1 Nd5 18. Rfd1 a5 19. e4 Nb6 20. d5 exd5 21. exd5 Nc4 22. Bd4 Bg5 23. Rc2 Qd6 24. Qc3 Rbc8 25. Qa1 Bf6 26. Bxf6 Qxf6 27. Qxf6 gxf6 28. Bf1 Nd6 29. Rc6 Kf8 30. Rdc1 b4 31. Ba6 Rb8 32. Bd3 f5 33. Ra6 b3 34. axb3 Rxb3 35. Bf1 Ra3 36. Rc5 Nb7 37. Rb5 Nd6 38. Rbxa5 Rb3 39. Rc6 Rb1 40. Raa6 Ne4 41. Kg2 Rb2 42. Bd3 Rxf2+ 43. Kg1 Rd2 44. Bxe4 fxe4 45. Ra7 e3 46. Rcc7 Rf2 47. Re7 Rxd5 48. Rxe3 Rdd2 49. Ra8+ Kg7 50. Rae8 Rxh2 51. R8e4 Rdg2+ 52. Kf1 Ra2 53. Kg1 Rhg2+ 54. Kh1 Rgb2 55. Re1 Rh2+ 56. Kg1 Rhg2+ 57. Kf1 Raf2# 0-1


[Site "https://www.chess.com"]

[Event "Titled Tuesday Blitz November 01 Late 2022"]
[White "Petrova, Irina"]
[Black "Winkels, Marcel"]
[WhiteFideId "14124122"]
[BlackFideId "1003887"]
[WhiteElo "2023"]
[BlackElo "1900"]
[Result "0-1"]
[Round "06"]
[TimeControl "180+1"]
[Date "2022.11.02"]
[WhiteClock "0:00:01"]
[BlackClock "0:00:40"]

1. e4 c5 2. Nf3 e6 3. c4 Nc6 4. Nc3 Nf6 5. Be2 a6 6. O-O Be7 7. d4 cxd4 8. Nxd4 O-O 9. Be3 Qc7 10. Qd2 d6 11. Rfc1 Ne5 12. f3 Bd7 13. b3 Rac8 14. a4 Rfe8 15. a5 Qb8 16. Na4 Bd8 17. Bf1 Bxa4 18. Rxa4 Bc7 19. b4 Ng6 20. g3 d5 21. exd5 exd5 22. Nf5 dxc4 23. Bxc4 Rcd8 24. Qa2 Ne5 25. Be2 g6 26. Nh4 Nxf3+ 27. Bxf3 Rxe3 28. Bg2 Be5 29. Rf1 Qd6 30. Qc4 Qd4 31. Qxd4 Bxd4 32. Kh1 Ng4 33. Ra2 Rb3 34. Bxb7 Rxb4 35. Bxa6 Ra8 36. Be2 Ne3 37. Rc1 Rab8 38. Bf3 Rb1 0-1


[Site "https://www.chess.com"]

[Event "Titled Tuesday Blitz November 01 Late 2022"]
[White "Petrovic, Aleksa"]
[Black "Itgelt, Khuyagtsogt"]
[WhiteFideId "967629"]
[BlackFideId "4902912"]
[WhiteElo "2242"]
[BlackElo "2084"]
[Result "1-0"]
[Round "06"]
[TimeControl "180+1"]
[Date "2022.11.02"]
[WhiteClock "0:00:23"]
[BlackClock "0:00:04"]

1. Nf3 d5 2. d4 Nf6 3. c4 e6 4. Nc3 Nbd7 5. cxd5 exd5 6. Bg5 h6 7. Bh4 Be7 8. e3 b6 9. Bd3 Bb7 10. O-O O-O 11. Qc2 a6 12. Ne5 c5 13. Nxd7 Qxd7 14. dxc5 bxc5 15. Rad1 Rfd8 16. Bf5 Qc6 17. Bxf6 Bxf6 18. e4 Bxc3 19. exd5 Rxd5 20. Bh7+ Kh8 21. Be4 Bd4 22. b4 Rad8 23. bxc5 Qxc5 24. Qxc5 Bxc5 25. Bxd5 Rxd5 26. Rxd5 Bxd5 27. Rd1 Be4 28. Rc1 Bd6 29. Rc4 Bb7 30. Rd4 Be5 31. Rd7 Bc6 32. Rxf7 Bf6 33. Ra7 Bb5 34. g4 Kh7 35. Kg2 Bc4 36. f4 Kg8 37. Kg3 Kf8 38. h4 Ke8 39. g5 Be7 40. Kg4 Be6+ 41. f5 h5+ 42. Kxh5 Bxf5 43. Rxa6 g6+ 44. Rxg6 Bxg6+ 45. Kxg6 Kf8 46. Kh7 Kf7 47. g6+ 1-0


[Site "https://www.chess.com"]

[Event "Titled Tuesday Blitz November 01 Late 2022"]
[White "Piesik, Piotr"]
[Black "Kodinets, Konstantin L."]
[WhiteFideId "1136194"]
[BlackFideId "4122011"]
[WhiteElo "2323"]
[BlackElo "2447"]
[Result "1/2-1/2"]
[Round "06"]
[TimeControl "180+1"]
[Date "2022.11.02"]
[WhiteClock "0:01:21"]
[BlackClock "0:00:38"]

1. Nf3 d6 2. d4 Nf6 3. g3 Nbd7 4. Bg2 c6 5. O-O e5 6. dxe5 dxe5 7. Nbd2 a5 8. e4 Bc5 9. a4 O-O 10. b3 Qe7 11. Bb2 Ne8 12. Nc4 f6 13. Qe2 Nb6 14. Rfd1 Nxc4 15. Qxc4+ Be6 16. Qe2 Nc7 17. Nd2 Rfd8 18. Nc4 b6 19. Bf3 Rxd1+ 20. Rxd1 Rd8 21. Rxd8+ Qxd8 22. Bg4 Bf7 23. Ne3 Ne6 24. Bxe6 Bxe6 25. Kg2 Qd7 26. h4 g6 27. h5 Kf7 28. Qf3 Bd4 29. Bxd4 Qxd4 30. hxg6+ hxg6 31. Ng4 Bxg4 32. Qxg4 f5 33. Qg5 Qxe4+ 34. Kg1 Qxc2 35. Qd8 Qb1+ 36. Kh2 Qxb3 37. Qd7+ Kf8 38. Qxc6 Kg7 39. Qc7+ Kf6 40. Qd8+ Kf7 41. Qd7+ Kf6 42. Qd8+ Kf7 43. Qd7+ Kf6 44. Qd8+ 1/2-1/2


[Site "https://www.chess.com"]

[Event "Titled Tuesday Blitz November 01 Late 2022"]
[White "Polster, Christian"]
[Black "Powell, Paul"]
[WhiteFideId "12965081"]
[BlackFideId "2005840"]
[WhiteElo "2209"]
[BlackElo "2055"]
[Result "1-0"]
[Round "06"]
[TimeControl "180+1"]
[Date "2022.11.02"]
[WhiteClock "0:00:04"]
[BlackClock "0:00:16"]

1. e4 c5 2. Nc3 d6 3. Nge2 g6 4. d4 cxd4 5. Nxd4 Bg7 6. Be3 Nc6 7. Bc4 Nf6 8. f3 O-O 9. Bb3 Bd7 10. Qd2 Qa5 11. O-O-O Rfc8 12. Kb1 Ne5 13. Bh6 Bxh6 14. Qxh6 Rxc3 15. bxc3 Qxc3 16. h4 Rc8 17. Ne2 Qc5 18. h5 Nc4 19. hxg6 fxg6 20. Rd5 Qa3 21. Qc1 Qb4 22. Rd4 b5 23. Nf4 Qc3 24. Rd3 Qb4 25. Nd5 Nxd5 26. Rxd5 Be6 27. Qh6 Kf7 28. Qxh7+ Ke8 29. Qxg6+ Kd7 30. Qg5 Na3+ 31. Kb2 Nc4+ 32. Kc1 Qc3 33. Kd1 Qa1+ 34. Ke2 Qxh1 35. Rxb5 Rc7 36. Rb8 Qg1 37. Qb5+ Rc6 38. Rb7+ Ke8 39. Qxc6+ Kf7 40. Bxc4 Qxg2+ 41. Kd3 Qf1+ 42. Kc3 Qxf3+ 43. Kb2 Qf6+ 44. c3 Qf2+ 45. Kb3 Qf6 46. Bxe6+ Qxe6+ 47. Qd5 Kf6 48. Qxe6+ Kxe6 49. Rxa7 1-0


[Site "https://www.chess.com"]

[Event "Titled Tuesday Blitz November 01 Late 2022"]
[White "Postny, Evgeny"]
[Black "Lehtosaari, Mauri"]
[WhiteFideId "2804344"]
[BlackFideId "501999"]
[WhiteElo "2473"]
[BlackElo "2511"]
[Result "1-0"]
[Round "06"]
[TimeControl "180+1"]
[Date "2022.11.02"]
[WhiteClock "0:00:20"]
[BlackClock "0:00:04"]

1. e4 c5 2. Nf3 e6 3. d4 cxd4 4. Nxd4 Bc5 5. Nb3 Bb6 6. Bd3 Ne7 7. Qe2 O-O 8. Be3 Nbc6 9. c4 Bxe3 10. Qxe3 d5 11. O-O dxc4 12. Bxc4 b6 13. Nc3 Bb7 14. Rac1 Ne5 15. Be2 N7g6 16. f4 Nd7 17. Rfd1 Qe7 18. e5 Rac8 19. Bf3 Bxf3 20. Qxf3 Nc5 21. Nd4 a6 22. b4 Nb7 23. Nc6 Qh4 24. g3 Qh3 25. Ne2 Nh4 26. Qe4 Nf5 27. Ned4 Kh8 28. Nxf5 exf5 29. Qf3 a5 30. Ne7 Rxc1 31. Rxc1 axb4 32. Qxb7 Qh6 33. Rc8 g6 34. Qb8 1-0


[Site "https://www.chess.com"]

[Event "Titled Tuesday Blitz November 01 Late 2022"]
[White "Potapova, Margarita"]
[Black "Sokolovsky, Yahli"]
[WhiteFideId "14126869"]
[BlackFideId "2820242"]
[WhiteElo "2150"]
[BlackElo "2316"]
[Result "0-1"]
[Round "06"]
[TimeControl "180+1"]
[Date "2022.11.02"]
[WhiteClock "0:00:07"]
[BlackClock "0:00:09"]

1. d4 d6 2. Bf4 g6 3. Nf3 Bg7 4. e3 Nf6 5. h3 O-O 6. Bh2 Nbd7 7. Be2 c6 8. c3 Re8 9. O-O Qc7 10. Nbd2 e5 11. Nc4 Bf8 12. a4 e4 13. Nfd2 Nb6 14. a5 Nxc4 15. Nxc4 Be6 16. Nd2 Qd7 17. c4 d5 18. c5 a6 19. Ra3 Bh6 20. Rb3 Rad8 21. Be5 Bg7 22. f3 exf3 23. Bxf3 Bf5 24. g4 Be6 25. Bg2 Ne4 26. Bh2 f5 27. Rb6 Nxd2 28. Qxd2 fxg4 29. hxg4 Bxg4 30. Bd6 Bh6 31. Rb3 Re6 32. Qf2 Rde8 33. Be5 Bg7 34. Bd6 Bf5 35. Qg3 Kh8 36. Kh2 Rf6 37. Be5 Rf7 38. Bf4 Qd8 39. Rh1 Kg8 40. Kg1 Qe7 41. Qh2 h5 42. Qg3 Qe6 43. Kf2 Be4 44. Bh3 Bf5 45. Bg2 Bg4 46. Rg1 Qf5 47. Rc3 Bxd4 48. exd4 Qxf4+ 49. Qxf4 Rxf4+ 50. Kg3 Rxd4 51. Bf3 Bxf3 52. Rxf3 Kg7 53. Rgf1 Re7 54. Rf6 Rd2 55. Rd6 Rd4 56. Rff6 Rg4+ 57. Kf3 d4 58. Rfe6 Rxe6 59. Rxe6 Kf7 60. Rd6 Ke7 61. Ke2 h4 62. Kd3 h3 0-1


[Site "https://www.chess.com"]

[Event "Titled Tuesday Blitz November 01 Late 2022"]
[White "Ramirez, Alejandro"]
[Black "Indjic, Aleksandar"]
[WhiteFideId "6500617"]
[BlackFideId "911925"]
[WhiteElo "2694"]
[BlackElo "2592"]
[Result "1/2-1/2"]
[Round "06"]
[TimeControl "180+1"]
[Date "2022.11.01"]
[WhiteClock "0:00:20"]
[BlackClock "0:00:16"]

1. Nf3 c5 2. c4 Nc6 3. Nc3 Nf6 4. g3 d5 5. d4 e6 6. Bg2 dxc4 7. Qa4 cxd4 8. Nxd4 Qxd4 9. Bxc6+ Bd7 10. Be3 Bxc6 11. Qxc6+ bxc6 12. Bxd4 Nd5 13. O-O-O c5 14. Be5 f6 15. Bf4 O-O-O 16. Rd2 Be7 17. Rhd1 Nxf4 18. gxf4 f5 19. Nb5 Rxd2 20. Rxd2 a6 21. Na3 c3 22. bxc3 Rd8 23. Nc4 Kc7 24. Rxd8 Bxd8 25. Kd2 Kc6 26. a4 Bc7 27. e3 Kd5 28. Kd3 h6 29. h3 g6 30. f3 Kc6 31. Nb2 Kd5 32. Nc4 h5 33. e4+ Kc6 34. e5 Bd8 35. Nd6 Bh4 36. Nf7 Kd5 37. c4+ Kc6 38. Nh8 g5 39. Ng6 Kd7 40. Nxh4 gxh4 41. Kc3 Kc6 42. Kd3 Kb6 43. Kc3 Ka5 44. Kb3 Kb6 45. Ka3 a5 46. Kb3 Kc7 47. Kc3 Kb6 48. Kd2 Kc7 49. Ke1 Kb6 50. Kd2 Kc7 51. Ke1 Kb6 52. Kd2 1/2-1/2


[Site "https://www.chess.com"]

[Event "Titled Tuesday Blitz November 01 Late 2022"]
[White "Rangel, Daniel"]
[Black "Pinheiro, Iung Alicio de O."]
[WhiteFideId "2124475"]
[BlackFideId "2104350"]
[WhiteElo "2225"]
[BlackElo "2283"]
[Result "1-0"]
[Round "06"]
[TimeControl "180+1"]
[Date "2022.11.02"]
[WhiteClock "0:00:02"]
[BlackClock "0:00:05"]

1. e4 c5 2. Nf3 Nc6 3. g3 g6 4. Bg2 Bg7 5. O-O d6 6. c3 e5 7. Na3 Nge7 8. Nc2 O-O 9. d4 exd4 10. cxd4 Bg4 11. Be3 Qb6 12. Rb1 Bxf3 13. Bxf3 Nxd4 14. Nxd4 Bxd4 15. Bh6 Rfe8 16. b4 cxb4 17. a3 a5 18. Qd2 Nc6 19. axb4 axb4 20. Be2 Ne5 21. Kg2 Bc5 22. f4 Nd7 23. Bc4 Nf6 24. f5 d5 25. exd5 Ng4 26. fxg6 hxg6 27. d6 Be3 28. Bxf7+ Kh7 29. Qd3 Rg8 30. Bxe3 Nxe3+ 31. Kh3 Nxf1 32. Bxg8+ Rxg8 33. Rxf1 b3 34. Rf7+ Rg7 35. Rxg7+ Kxg7 36. d7 b2 37. d8=Q Qe6+ 38. Kg2 Qc6+ 39. Q3d5 Qc2+ 40. Kh3 b1=Q 41. Q8g8+ Kh6 42. Qh8# 1-0


[Site "https://www.chess.com"]

[Event "Titled Tuesday Blitz November 01 Late 2022"]
[White "Rasulov, Vugar"]
[Black "Melkumyan, Hrant"]
[WhiteFideId "13402390"]
[BlackFideId "13302485"]
[WhiteElo "2509"]
[BlackElo "2604"]
[Result "1-0"]
[Round "06"]
[TimeControl "180+1"]
[Date "2022.11.01"]
[WhiteClock "0:00:54"]
[BlackClock "0:00:19"]

1. d4 d5 2. c4 e6 3. Nf3 Nf6 4. g3 dxc4 5. Bg2 c6 6. O-O b5 7. b3 cxb3 8. Qxb3 Bb7 9. Ne5 Qxd4 10. Bb2 Qb4 11. Qc2 Qc5 12. Qb3 Qb4 13. Qc2 Qc5 14. Qb3 Nbd7 15. Rc1 Qb4 16. Nxc6 Qxb3 17. axb3 a6 18. Nd4 Bxg2 19. Kxg2 Be7 20. Nxb5 O-O 21. Nd4 Rfe8 22. Nd2 Bb4 23. Nc4 h6 24. Nc6 Bf8 25. Rd1 Rec8 26. Bxf6 Nxf6 27. Nb6 Rxc6 28. Nxa8 Nd5 29. Rac1 Nc3 30. Rd8 g6 31. Nb6 Rxb6 32. Rxc3 Kg7 33. Rd7 e5 34. Rf3 1-0


[Site "https://www.chess.com"]

[Event "Titled Tuesday Blitz November 01 Late 2022"]
[White "Rorrer, Grayson"]
[Black "Goncalves, Davi Sulzbacher"]
[WhiteFideId "30944996"]
[BlackFideId "2154510"]
[WhiteElo "2130"]
[BlackElo "2182"]
[Result "1-0"]
[Round "06"]
[TimeControl "180+1"]
[Date "2022.11.02"]
[WhiteClock "0:00:02"]
[BlackClock "0:00:09"]

1. e4 c5 2. Nf3 Nc6 3. Bb5 g6 4. O-O Bg7 5. c3 Nf6 6. Re1 O-O 7. d4 d5 8. e5 Ne4 9. Be3 cxd4 10. cxd4 Bg4 11. h3 Bf5 12. Bxc6 bxc6 13. Nfd2 Rb8 14. Nxe4 Bxe4 15. b3 Qa5 16. Qc1 c5 17. Nc3 cxd4 18. Bxd4 Rfc8 19. Qd2 Bf5 20. Rac1 Rb7 21. Qb2 Be6 22. Na4 Rbc7 23. Kh2 Bh6 24. Rxc7 Rxc7 25. Nc3 Qb4 26. Rd1 Bg5 27. a3 Qb8 28. Na4 Bf5 29. Nc5 Qc8 30. b4 Bf4+ 31. Kg1 Bxh3 32. gxh3 Qxh3 33. f3 Qxf3 34. Qb3 Qg4+ 35. Kf2 Bg5 36. Qf3 Bh4+ 37. Ke2 Qc8 38. Qxd5 e6 39. Qe4 Be7 40. Rf1 a5 41. Qf3 Qe8 42. Qd3 axb4 43. axb4 Ra7 44. b5 Ra2+ 45. Ke3 Qb8 46. Rc1 Bxc5 47. Rxc5 Qa8 48. Rc2 Ra3 49. Bc3 Ra7 50. b6 Rb7 51. Bd4 Qd8 52. Qe4 Qg5+ 53. Kd3 Qd8 54. Qxb7 Qd5 55. Qxd5 1-0


[Site "https://www.chess.com"]

[Event "Titled Tuesday Blitz November 01 Late 2022"]
[White "Rose, Felix"]
[Black "Martinez Molina, Carlos Alberto"]
[WhiteFideId "5105722"]
[BlackFideId "5122708"]
[WhiteElo "2039"]
[BlackElo "2212"]
[Result "1-0"]
[Round "06"]
[TimeControl "180+1"]
[Date "2022.11.02"]
[WhiteClock "0:00:08"]
[BlackClock "0:00:01"]

1. e4 c5 2. Nf3 e6 3. d4 cxd4 4. Nxd4 a6 5. c4 Nf6 6. Nc3 Bb4 7. Qd3 O-O 8. e5 Ne8 9. a3 Ba5 10. Qh3 f5 11. b4 Bc7 12. f4 d6 13. exd6 Qxd6 14. Be3 e5 15. c5 Qh6 16. Bc4+ Kh8 17. Qxh6 gxh6 18. Nf3 Nc6 19. Nd5 exf4 20. Bd2 Be6 21. Bc3+ Kg8 22. O-O-O Rf7 23. Rhe1 Rd8 24. Rxe6 Bb8 25. Ne7+ Rxe7 26. Rxd8 Nxd8 27. Rxe7+ Kf8 28. Re1 Nc7 29. Ne5 Nce6 30. Nd7+ Kf7 31. Nxb8 1-0


[Site "https://www.chess.com"]

[Event "Titled Tuesday Blitz November 01 Late 2022"]
[White "Rosen, Eric"]
[Black "Bazeev, German"]
[WhiteFideId "2032562"]
[BlackFideId "24119350"]
[WhiteElo "2362"]
[BlackElo "2493"]
[Result "1-0"]
[Round "06"]
[TimeControl "180+1"]
[Date "2022.11.02"]
[WhiteClock "0:01:04"]
[BlackClock "0:00:29"]

1. d4 Nf6 2. Bf4 d6 3. Nc3 c6 4. e4 g6 5. Qd2 b5 6. f3 b4 7. Nce2 a5 8. Bh6 Nbd7 9. g4 e5 10. Bxf8 Kxf8 11. Qh6+ Kg8 12. O-O-O Qf8 13. Qg5 h6 14. Qe3 h5 15. g5 Ne8 16. h4 Qe7 17. f4 a4 18. Nf3 Ba6 19. f5 a3 20. b3 Bxe2 21. Bxe2 exd4 22. Qxd4 Ne5 23. f6 Qe6 24. Nxe5 Qxe5 25. Qxe5 dxe5 26. Rd7 1-0


[Site "https://www.chess.com"]

[Event "Titled Tuesday Blitz November 01 Late 2022"]
[White "Rosenberg, Evan S"]
[Black "Popilski, Gil"]
[WhiteFideId "2019299"]
[BlackFideId "2809060"]
[WhiteElo "2389"]
[BlackElo "2537"]
[Result "0-1"]
[Round "06"]
[TimeControl "180+1"]
[Date "2022.11.02"]
[WhiteClock "0:00:14"]
[BlackClock "0:01:32"]

1. d4 Nf6 2. Nf3 d6 3. Nc3 Nbd7 4. e4 e5 5. Be2 g6 6. O-O Bg7 7. dxe5 dxe5 8. a4 O-O 9. a5 Qe7 10. Bg5 c6 11. a6 b5 12. Bd3 Nc5 13. h3 Bxa6 14. b4 Nxd3 15. Rxa6 Nxb4 16. Ra1 a5 17. Qe2 Qc5 18. Na2 Qxc2 19. Qxc2 Nxc2 20. Rac1 Nd4 21. Nxd4 exd4 22. Rxc6 Nxe4 23. Bf4 b4 24. Re1 Nc3 25. Nc1 Rfe8 26. Kf1 a4 27. Nd3 b3 28. Rb6 Nd5 29. Rb5 Nxf4 30. Nxf4 Reb8 31. Rxb8+ Rxb8 32. Nd3 a3 0-1


[Site "https://www.chess.com"]

[Event "Titled Tuesday Blitz November 01 Late 2022"]
[White "Rustemov, Alexander"]
[Black "Wieczorek, Oskar"]
[WhiteFideId "4119002"]
[BlackFideId "1133950"]
[WhiteElo "2913"]
[BlackElo "2404"]
[Result "1-0"]
[Round "06"]
[TimeControl "180+1"]
[Date "2022.11.01"]
[WhiteClock "0:00:17"]
[BlackClock "0:00:13"]

1. d4 Nf6 2. c4 c5 3. Nf3 cxd4 4. Nxd4 Nc6 5. g3 d6 6. Bg2 Bd7 7. O-O g6 8. Nc3 Bg7 9. b3 h5 10. h3 h4 11. g4 Nxg4 12. Nxc6 bxc6 13. Bb2 Nf6 14. Qd2 Qc8 15. Kh2 Bh6 16. f4 Rg8 17. e4 Nh5 18. Ne2 Qc7 19. Rad1 a5 20. c5 dxc5 21. Be5 Qc8 22. Qe3 f6 23. Bc3 Qb7 24. e5 fxe5 25. Bxe5 a4 26. Qxc5 axb3 27. axb3 Ra2 28. Nd4 g5 29. Ra1 Rxg2+ 30. Kxg2 gxf4+ 31. Kh2 Rg3 32. Ra7 Rxh3+ 33. Kg1 Rg3+ 34. Kf2 Qc8 35. Rfa1 Kf7 36. Ra8 Qb7 37. R1a7 Nf6 38. Bxf6 Rc3 39. Qxe7+ 1-0


[Site "https://www.chess.com"]

[Event "Titled Tuesday Blitz November 01 Late 2022"]
[White "Sai Krishna G V"]
[Black "Xiong, Jeffery"]
[WhiteFideId "5028280"]
[BlackFideId "2047640"]
[WhiteElo "2359"]
[BlackElo "2725"]
[Result "0-1"]
[Round "06"]
[TimeControl "180+1"]
[Date "2022.11.01"]
[WhiteClock "0:00:16"]
[BlackClock "0:00:18"]

1. Nf3 c5 2. g3 Nc6 3. Bg2 g6 4. O-O Bg7 5. d3 e5 6. e4 Nge7 7. Nbd2 d6 8. Nh4 O-O 9. f4 exf4 10. gxf4 f5 11. c3 d5 12. e5 Be6 13. Qe1 d4 14. c4 Nb4 15. Qg3 Nc2 16. Rb1 Ne3 17. Re1 b5 18. Bxa8 Qxa8 19. Ng2 Nc2 20. Rf1 Rb8 21. b3 Nc6 22. cxb5 N6b4 23. a4 Nd5 24. Nc4 Nc3 25. Rf2 Nxb1 26. Rxc2 a6 27. Nd6 Nc3 28. Qg5 Bxb3 29. Rb2 Bd5 30. Qe7 Nxa4 31. Rc2 axb5 32. e6 Nc3 33. Bb2 Qc6 34. Nh4 Rf8 35. Bxc3 dxc3 36. Re2 b4 37. Nf7 c2 38. Rxc2 Qxe6 39. Qxe6 Bxe6 40. Ng5 Bd5 41. Nhf3 b3 42. Rxc5 b2 43. Rb5 Ba2 44. Nd2 Bc3 45. Ngf3 Rd8 46. Kf2 Rxd3 47. Ke2 Rd8 48. h4 Bxd2 49. Nxd2 Rxd2+ 50. Kxd2 b1=Q 51. Rxb1 Bxb1 52. Kc3 Kg7 53. Kd4 Kh6 54. Ke5 Kh5 55. Kf6 Kxh4 56. Kg7 Kg4 57. Kh6 Kxf4 58. Kg7 Kg5 59. Kh8 f4 60. Kg7 f3 61. Kg8 f2 62. Kh8 f1=Q 63. Kg7 Qf6+ 64. Kg8 Ba2+ 65. Kxh7 Qf7+ 66. Kh8 Qg8# 0-1


[Site "https://www.chess.com"]

[Event "Titled Tuesday Blitz November 01 Late 2022"]
[White "Sailer, Mike"]
[Black "Voigt, Martin"]
[WhiteFideId "2012901"]
[BlackFideId "4607228"]
[WhiteElo "2109"]
[BlackElo "2356"]
[Result "0-1"]
[Round "06"]
[TimeControl "180+1"]
[Date "2022.11.02"]
[WhiteClock "0:00:05"]
[BlackClock "0:00:36"]

1. Nf3 d5 2. c4 e6 3. g3 a6 4. Bg2 dxc4 5. O-O Nd7 6. a4 Rb8 7. Nc3 b5 8. axb5 axb5 9. Nd4 Bb7 10. Ncxb5 Bxg2 11. Kxg2 Qc8 12. Ra7 Bd6 13. Nxd6+ cxd6 14. Qa4 Nf6 15. d3 cxd3 16. Bg5 O-O 17. exd3 Rxb2 18. Kg1 Qc5 19. Be3 Qb4 20. Qa6 Ne5 21. Ra8 Rxa8 22. Qxa8+ Qb8 23. Qa6 d5 24. Rc1 Rb1 25. Rxb1 Qxb1+ 26. Kg2 h5 27. Bg5 Qxd3 28. Bxf6 Qxa6 29. Bxe5 f6 0-1


[Site "https://www.chess.com"]

[Event "Titled Tuesday Blitz November 01 Late 2022"]
[White "Salman, Pavel"]
[Black "Ferriz Barrios, Andres"]
[WhiteFideId "24153753"]
[BlackFideId "5104467"]
[WhiteElo "2187"]
[BlackElo "2257"]
[Result "1-0"]
[Round "06"]
[TimeControl "180+1"]
[Date "2022.11.02"]
[WhiteClock "0:00:29"]
[BlackClock "0:01:13"]

1. d4 Nf6 2. Nc3 d5 3. Bf4 Nbd7 4. Nb5 e5 5. dxe5 Nh5 6. Bg5 f6 7. exf6 Nhxf6 8. Bf4 Bd6 9. Bxd6 cxd6 10. Nxd6+ Ke7 11. Nf5+ Kf7 12. Nf3 Nb6 13. Qd3 Re8 14. O-O-O Qc7 15. e3 Kg8 16. N3d4 Ne4 17. Qe2 Qe5 18. Ng3 a6 19. Nxe4 Qxe4 20. Qd3 Qh4 21. Qb3 Qf6 22. Bd3 Rd8 23. g4 a5 24. g5 Qd6 25. Nb5 Qc5 26. a4 Be6 27. Nd4 Bd7 28. Bb5 Bc6 29. Ne6 Qb4 30. Qxb4 axb4 31. Nxd8 Rxd8 32. Bxc6 bxc6 33. a5 Nc4 34. e4 Ra8 35. b3 Nxa5 36. exd5 cxd5 37. Rxd5 Nc6 38. Kb2 Ne7 39. Rb5 Nc6 40. Rd1 1-0


[Site "https://www.chess.com"]

[Event "Titled Tuesday Blitz November 01 Late 2022"]
[White "Sanchez, Robert"]
[Black "Wessendorf, Thomas, Dr."]
[WhiteFideId "2034360"]
[BlackFideId "4604270"]
[WhiteElo "2391"]
[BlackElo "2280"]
[Result "1-0"]
[Round "06"]
[TimeControl "180+1"]
[Date "2022.11.02"]
[WhiteClock "0:00:13"]
[BlackClock "0:00:02"]

1. Nf3 g6 2. e4 Bg7 3. Bc4 c6 4. Nc3 b5 5. Bb3 a5 6. a3 d6 7. d4 Nf6 8. Qe2 O-O 9. O-O Ba6 10. e5 dxe5 11. dxe5 Nd5 12. Bxd5 cxd5 13. Nxb5 Qb6 14. a4 Nd7 15. Be3 Qb7 16. Bd4 e6 17. b3 Rfc8 18. c4 dxc4 19. bxc4 Qc6 20. Rfc1 Nc5 21. Bxc5 Qxc5 22. h4 h5 23. Qe4 Rd8 24. Qf4 Rd7 25. Rd1 Rad8 26. Rxd7 Rxd7 27. Rb1 Kh7 28. Ng5+ Kg8 29. Nd6 Bxe5 30. Rb8+ Kg7 31. Ne8+ Kh8 32. Nf6+ Bxb8 33. Qxb8+ Kg7 34. Nxd7 Qb4 35. Qxb4 axb4 36. Ne4 Bxc4 37. Nd2 Bd5 38. Nb6 Bc6 39. a5 Kf6 40. a6 Ke5 41. a7 Kd4 42. Kf1 Kc3 43. Ke1 b3 44. Nxb3 Kxb3 45. a8=Q Bxa8 46. Nxa8 Kc3 47. Ke2 Kd4 48. Kf3 e5 49. Nc7 f6 50. Ne8 f5 51. Nd6 Kd5 52. Nf7 Ke6 53. Ng5+ Kf6 54. Ke3 f4+ 55. Ke4 1-0


[Site "https://www.chess.com"]

[Event "Titled Tuesday Blitz November 01 Late 2022"]
[White "Sarana, Alexey"]
[Black "Jones, Gawain C B"]
[WhiteFideId "24133795"]
[BlackFideId "409561"]
[WhiteElo "2689"]
[BlackElo "2657"]
[Result "1-0"]
[Round "06"]
[TimeControl "180+1"]
[Date "2022.11.01"]
[WhiteClock "0:00:14"]
[BlackClock "0:00:01"]

1. c4 Nf6 2. Nc3 g6 3. e4 d6 4. d4 Bg7 5. Be2 O-O 6. Be3 e5 7. d5 Na6 8. g4 Nc5 9. f3 a5 10. h4 h5 11. g5 Nfd7 12. Qd2 f6 13. O-O-O fxg5 14. hxg5 a4 15. Kb1 Rf7 16. Nh3 Qe7 17. Nf2 Nb8 18. Nb5 Nba6 19. Rdg1 Bd7 20. Nd1 Raf8 21. Ndc3 Bc8 22. Rf1 Qd8 23. Bd1 c6 24. Na3 Qa5 25. dxc6 bxc6 26. Qxd6 Rd8 27. Qxg6 Nd3 28. Rxh5 Qb4 29. Bc1 Kf8 30. Rfh1 Nxc1 31. Rh8+ Bxh8 32. Rxh8+ Ke7 33. Rxd8 Kxd8 34. Kxc1 Rb7 35. Qf6+ Kd7 36. Qf7+ Kd8 37. Qf6+ Kd7 38. Qg7+ Kd8 39. Qh8+ Kd7 40. Qh2 Nc5 41. Qd2+ Ke8 42. Be2 Be6 43. g6 Rd7 44. Qh6 Rb7 45. Qd2 Qb6 46. f4 exf4 47. e5 f3 48. Bxf3 Qxb2+ 49. Qxb2 Nd3+ 50. Kd2 Rxb2+ 51. Kxd3 Bf5+ 52. Kd4 Bxg6 53. Bxc6+ Kd8 54. Bxa4 Rd2+ 55. Kc5 Rd3 56. Nab5 Re3 57. Kd4 Rd3+ 58. Kc5 Re3 59. Kd6 Bf7 60. Nd5 Rh3 61. Nd4 Bg8 62. Bd7 Rh6+ 63. e6 Bxe6 64. Nc6# 1-0


[Site "https://www.chess.com"]

[Event "Titled Tuesday Blitz November 01 Late 2022"]
[White "Seo, Jung Min"]
[Black "Suleymanli, Aydin"]
[WhiteFideId "1734687"]
[BlackFideId "13413937"]
[WhiteElo "2455"]
[BlackElo "2481"]
[Result "0-1"]
[Round "06"]
[TimeControl "180+1"]
[Date "2022.11.01"]
[WhiteClock "0:00:02"]
[BlackClock "0:00:05"]

1. e4 c5 2. Nf3 d6 3. Bb5+ Nd7 4. a4 Nf6 5. Nc3 a6 6. Be2 Ne5 7. Nxe5 dxe5 8. Bc4 Bg4 9. Be2 Bxe2 10. Qxe2 e6 11. O-O g5 12. d3 h6 13. a5 Bg7 14. Na4 Qxa5 15. Be3 Qc7 16. Nxc5 O-O 17. b4 Rfc8 18. c4 Bf8 19. Rfb1 a5 20. Na4 axb4 21. c5 Nd7 22. Rxb4 Qc6 23. Qb2 Bxc5 24. Nxc5 Rxa1+ 25. Qxa1 Nxc5 26. Rc4 Qd6 27. h4 f6 28. hxg5 hxg5 29. Qa7 b6 30. Rb4 Nd7 31. Rb3 Rc7 32. Qa8+ Kg7 33. Qe8 Qf8 34. Qxf8+ Kxf8 35. g3 Rc6 36. f4 g4 37. Kf2 Ke7 38. Ke2 exf4 39. gxf4 e5 40. fxe5 fxe5 41. d4 exd4 42. Bxd4 Kf7 43. Ke3 Kg6 44. Kf4 Rc4 45. Bxb6 Nf6 46. Bd8 Rxe4+ 47. Kg3 Nh5+ 48. Kg2 Nf4+ 49. Kg3 Ne2+ 50. Kg2 Nd4 51. Rb6+ Kh5 52. Bc7 Nf5 53. Bg3 Re2+ 54. Bf2 g3 0-1


[Site "https://www.chess.com"]

[Event "Titled Tuesday Blitz November 01 Late 2022"]
[White "Simonovic, Miroslav"]
[Black "Van Osch, Mees"]
[WhiteFideId "919152"]
[BlackFideId "1035967"]
[WhiteElo "2043"]
[BlackElo "2324"]
[Result "0-1"]
[Round "06"]
[TimeControl "180+1"]
[Date "2022.11.02"]
[WhiteClock "0:00:14"]
[BlackClock "0:00:24"]

1. d4 Nf6 2. Bg5 Ne4 3. h4 c5 4. dxc5 Nxg5 5. hxg5 Qa5+ 6. c3 Qxc5 7. f4 Qe3 8. Qd2 Qg3+ 9. Kd1 d5 10. Nh3 Bf5 11. e3 Nd7 12. Qf2 Qxf2 13. Nxf2 e6 14. g4 Bg6 15. Bd3 Bc5 16. Ke2 Ke7 17. Nd2 f6 18. f5 Bf7 19. gxf6+ gxf6 20. fxe6 Bxe6 21. Rxh7+ Rxh7 22. Bxh7 Rh8 23. Bc2 Ne5 24. Rg1 Rh2 25. Nf3 Nxf3 26. Kxf3 Kd6 27. b4 Bb6 28. a4 a6 29. a5 Bc7 30. e4 b6 31. exd5 Bxd5+ 32. Be4 Rxf2+ 33. Kxf2 Bxe4 34. Rd1+ Ke6 35. Ke3 Bd5 36. axb6 Bxb6+ 37. Kf4 Bc7+ 38. Ke3 Be5 39. Rc1 Bc4 40. Kd2 Bf4+ 41. Kc2 Bxc1 42. Kxc1 Be2 43. Kd2 Bxg4 44. c4 f5 45. b5 a5 46. c5 Kd5 47. c6 Kd6 48. Kc3 f4 49. Kd4 f3 50. b6 Kxc6 51. b7 Kxb7 52. Ke3 a4 53. Kf2 a3 54. Kg3 a2 55. Kxg4 f2 56. Kf3 f1=Q+ 57. Kg3 Qb5 58. Kh2 Qe8 59. Kg3 Qe2 60. Kf4 0-1


[Site "https://www.chess.com"]